Map: Romanticide LE

Players

AGOElazer (Elazer)

  • Race: Zerg Zerg
  • Spawn Location: 11:00

HeroMarine - Winner!

  • Race: Terran Terran
  • League: Grandmaster
  • Spawn Location: 5:00

Event: DreamHack SC2 Masters 2020 Winter

VOD

Have the link to the VOD?

Description

Time

  • Played on: Nov. 7, 2020, 10:30 a.m.
  • Length: 10:08

All games in this series

Show
View Real Time Build Order
Export as new Build Order

AGOElazer Zerg 

Build Orders: Hatch First 

Get SALT Encoding   

  12  0:00  Drone  
  13  0:12  Overlord  
  13  0:16  Drone  
  14  0:30  Drone x2  
  16  0:49  Hatchery  
  15  0:51  Drone  
  15  0:54  Drone  
  17  0:58  Drone  
  18  1:09  Extractor  
  17  1:12  Spawning Pool  
  17  1:15  Drone  
  17  1:18  Drone  
  18  1:28  Drone  
  19  1:38  Drone  
  20  1:49  Drone  
  21  2:00  Queen x2  
  25  2:01  Zergling x2  
  25  2:02  Overlord  
  26  2:11  Zergling x2  
  26  2:12  Drone, Metabolic Boost  
  28  2:23  Drone x2  
  30  2:33  Hatchery  
  28  2:37  Drone x2  
  30  2:46  Queen  
  30  2:49  Drone  
  33  2:51  Overlord  
  33  2:55  Drone  
  33  2:57  Drone  
  35  3:06  Overlord, Drone  
  35  3:10  Drone  
  37  3:13  Queen  
  37  3:18  Drone x3  
  42  3:24  Queen  
  44  3:27  Drone  
  44  3:28  Drone  
  44  3:33  Drone  
  47  3:40  Drone  
  48  3:43  Drone  
  48  3:44  Drone x2  
  48  3:45  Queen  
  53  3:50  Zergling x4  
  53  3:51  Overlord  
  55  3:56  Zergling x2  
  55  4:00  Drone x2  
  58  4:04  Overlord  
  58  4:09  Queen  
  59  4:11  Drone x4  
  59  4:16  Evolution Chamber  
  63  4:17  Drone  
  63  4:19  Overlord, Baneling Nest  
  63  4:23  Overlord  
  62  4:26  Drone x2  
  62  4:30  Drone  
  65  4:33  Overlord x2  
  67  4:38  Drone x4  
  67  4:41  Drone  
  67  4:42  Drone x2  
  72  4:47  Zerg Ground Armor Level 1  
  72  4:48  Drone  
  72  4:51  Drone  
  72  4:52  Drone  
  75  4:53  Drone  
  75  4:56  Lair  
  75  4:58  Extractor  
  75  4:59  Drone x3  
  78  5:10  Drone  
  78  5:11  Spore Crawler, Drone  
  78  5:12  Hatchery  
  78  5:14  Spore Crawler  
  78  5:19  Overlord  
  78  5:20  Zergling x12  
  83  5:24  Drone x2, Extractor x2  
  83  5:26  Drone  
  83  5:27  Drone x2  
  86  5:29  Drone x2  
  86  5:30  Evolution Chamber  
  86  5:32  Overlord  
  86  5:33  Drone  
  87  5:37  Drone x2  
  87  5:40  Evolution Chamber, Drone x2  
  91  5:45  Overlord  
  91  5:49  Drone, Extractor  
  91  5:54  Zergling x10  
  91  5:56  Centrifical Hooks  
  96  5:57  Baneling  
  96  5:58  Baneling x3  
  96  6:00  Zergling x2  
  96  6:03  Zergling x2  
  98  6:06  Overlord  
  98  6:09  Zerg Melee Weapons Level 1  
  98  6:10  Zergling x6  
  101  6:17  Overlord  
  101  6:18  Zergling x8  
  104  6:21  Baneling x7  
  104  6:26  Zergling x4  
  104  6:31  Zergling x8  
  110  6:35  Zergling x4  
  110  6:38  Overlord  
  112  6:43  Zergling x4  
  110  6:49  Zergling x4  
  110  6:50  Zerg Ground Armor Level 2  
  112  6:54  Zergling x4  
  112  6:59  Zergling x6  
  112  7:00  Zergling x10  
  105  7:09  Drone x8  
  105  7:14  Drone  
  115  7:15  Drone x2  
  115  7:19  Burrow, Pneumatized Carapace, Baneling x6  
  115  7:20  Zergling x2  
  115  7:21  Baneling x4  
  115  7:22  Hatchery  
  115  7:23  Zergling x2, Hydralisk Den  
  115  7:29  Zergling x6  
  118  7:35  Zergling x8  
  122  7:40  Zergling x6  
  125  7:44  Zergling x2  
  125  7:45  Zergling x16  
  125  7:48  Zergling x2  
  134  7:52  Zergling x4, Overseer  
  134  7:57  Zergling x2  
  134  7:58  Zergling x2  
  137  8:02  Overlord, Muscular Augments  
  137  8:03  Infestation Pit, Extractor  
  137  8:04  Drone x4  
  138  8:12  Zergling x6  
  141  8:14  Baneling x9  
  141  8:17  Zergling x4  
  141  8:22  Zergling x4  
  141  8:25  Overlord  
  143  8:33  Zergling x12  
  149  8:40  Baneling x14  
  149  8:41  Zergling x16  
  157  8:44  Zergling x6  
  154  8:48  Zergling x2  
  154  8:51  Baneling x8  
  154  8:54  Zergling x8  
  156  9:00  Zergling x14  
  151  9:03  Zergling x2  
  151  9:05  Baneling x9  
  151  9:07  Zergling x10  
  135  9:13  Zergling x2  
  135  9:14  Zergling x10  
  122  9:18  Zergling x6, Baneling  
  122  9:19  Baneling  
  122  9:20  Zergling x2  
  122  9:21  Zergling x2  
  125  9:29  Zergling x14  
  121  9:34  Zergling x2  
  121  9:37  Zergling x18, Baneling  
  121  9:38  Baneling x20  
  121  9:39  Zergling x2  
  121  9:43  Zergling x2  
  126  9:47  Zergling x8  
  126  9:49  Zergling x6  
Show
View Real Time Build Order
Export as new Build Order

HeroMarine Terran - Winner!

Build Orders: Reaper Expand 

Get SALT Encoding   

  12  0:00  SCV  
  13  0:12  SCV  
  14  0:16  Supply Depot  
  14  0:24  SCV  
  15  0:38  SCV  
  15  0:39  Barracks  
  15  0:42  Refinery  
  16  0:50  SCV  
  17  1:02  SCV  
  18  1:14  SCV  
  19  1:26  Reaper  
  19  1:27  Orbital Command  
  20  1:38  Command Center  
  20  1:50  Supply Depot  
  20  1:52  SCV  
  21  1:58  Marine  
  22  2:04  SCV  
  23  2:14  Factory  
  23  2:16  SCV  
  23  2:20  Barracks Reactor  
  24  2:28  SCV  
  25  2:40  SCV  
  25  2:43  Command Center  
  26  2:50  Orbital Command  
  26  2:53  SCV  
  27  2:59  Starport  
  27  3:05  SCV, Refinery  
  28  3:07  Hellion  
  28  3:12  Hellion  
  32  3:15  Marine  
  32  3:16  SCV  
  32  3:19  SCV  
  35  3:28  SCV  
  35  3:29  Hellion  
  35  3:31  SCV  
  35  3:33  Hellion  
  41  3:39  Starport Tech Lab  
  41  3:40  Viking  
  41  3:41  SCV, Barracks Tech Lab  
  44  3:44  SCV  
  45  3:53  SCV  
  46  3:56  SCV, Orbital Command  
  46  4:02  Barracks  
  47  4:05  SCV, Barracks  
  47  4:08  SCV, Stimpack  
  49  4:11  Marine  
  49  4:12  Starport Reactor  
  49  4:13  Factory Tech Lab  
  50  4:17  SCV  
  50  4:20  SCV  
  50  4:23  Supply Depot  
  52  4:25  SCV  
  52  4:29  SCV, Marine  
  55  4:32  SCV  
  55  4:37  SCV  
  57  4:41  Siege Tank  
  57  4:42  SCV  
  57  4:43  Refinery  
  57  4:44  Refinery  
  57  4:45  SCV  
  62  4:46  Supply Depot  
  62  4:47  Marine  
  62  4:49  Orbital Command  
  62  4:50  Supply Depot  
  63  4:54  SCV  
  63  4:55  Marine x2  
  63  4:57  SCV  
  63  4:59  Starport Reactor  
  67  5:00  Marine x2  
  69  5:08  SCV  
  69  5:09  SCV  
  69  5:10  Engineering Bay x2  
  71  5:16  SCV  
  71  5:19  Marine  
  71  5:20  SCV, Marine  
  78  5:21  Supply Depot, Siege Tank  
  78  5:22  Supply Depot, Marine x3  
  78  5:24  SCV  
  78  5:28  SCV  
  83  5:32  SCV  
  84  5:37  SCV, Terran Infantry Weapons Level 1, Terran Infantry Armor Level 1  
  85  5:43  SCV, Medivac x2, Marine x2  
  85  5:44  SCV  
  85  5:49  Supply Depot  
  93  5:50  Supply Depot, Marine x2  
  93  5:51  Marine  
  93  5:56  SCV x3  
  99  6:01  Marine x2  
  99  6:03  Combat Shield  
  101  6:06  Barracks x2  
  101  6:10  SCV x3, Marine x3  
  107  6:13  Supply Depot  
  107  6:16  Supply Depot  
  107  6:19  Medivac  
  107  6:20  Medivac  
  107  6:22  SCV  
  107  6:23  Siege Tank  
  114  6:33  Barracks  
  114  6:34  Barracks  
  114  6:35  Marine x2  
  114  6:36  Barracks  
  116  6:42  SCV x3, Supply Depot  
  119  6:51  Marine x2  
  121  6:54  Armory, SCV  
  121  6:55  Barracks Reactor  
  121  6:56  Barracks Reactor, Marine x2  
  121  6:58  SCV  
  121  7:00  SCV  
  126  7:06  SCV  
  126  7:08  Marine  
  116  7:09  Marine x2  
  116  7:10  Siege Tank  
  116  7:14  Marine x2  
  118  7:16  Supply Depot  
  118  7:21  Marine x2  
  118  7:22  Medivac  
  122  7:24  Medivac  
  122  7:26  Marine  
  122  7:27  Marine x3  
  128  7:31  Marine x2  
  128  7:32  Marine x2  
  128  7:35  Marine x2  
  134  7:38  Marine  
  134  7:39  Marine  
  134  7:41  Supply Depot, Terran Infantry Weapons Level 2  
  134  7:42  Sensor Tower  
  134  7:43  Marine  
  137  7:51  Marine x7  
  136  7:52  Siege Tank  
  136  7:53  Marine x2  
  136  7:56  Marine x2  
  149  8:01  Marine  
  149  8:06  Medivac x2  
  149  8:08  Marine  
  149  8:09  Marine x3  
  149  8:10  Supply Depot x2  
  149  8:11  Marine x5  
  162  8:14  Supply Depot, Marine x2  
  162  8:19  Marine  
  165  8:31  Marine x8  
  165  8:32  Supply Depot, Marine x3  
  165  8:33  Supply Depot  
  176  8:37  Marine  
  171  8:49  Marine x5  
  171  8:50  Marine  
  171  8:55  Marine x5  
  176  8:56  Marine  
  170  9:07  Marine x5  
  170  9:08  Marine  
  164  9:13  Marine x2  
  164  9:14  Marine x2  
  164  9:15  Siege Tank  
  164  9:17  Marine x2  
  152  9:20  Liberator  
  152  9:21  Liberator  
  157  9:25  Marine x5  
  157  9:26  Marine  
  157  9:30  Marine  
  157  9:31  Marine  
  159  9:32  Marine  
  159  9:33  Marine  
  159  9:34  Marine  
  159  9:36  Marine  
  159  9:43  Marine  
  159  9:45  Marine x2  
  159  9:48  Command Center  
Tags
 
Add a new tag
Caveats
  • Supply blocks, unpowered buildings, or Contaminate may cause inaccurate times.
  • Supply counts are checked every 10 seconds.